 Dungeon Crawl Stone Soup version 0.28.0-1-gb440e238dd (webtiles) character file.

Game seed: 2168793877900867861

64 issech the Cudgeller (level 3, -1/36 HPs)
             Began as a Troll Monk on Feb 26, 2022.
             Slain by a gnoll (10 damage)
             ... on level 1 of the Dungeon.
             The game lasted 00:02:53 (1159 turns).

issech the Cudgeller (Troll Monk)                   Turns: 1159, Time: 00:02:53

Health: -1/36      AC:  4    Str: 19    XL:     3   Next: 91%
Magic:  2/2        EV: 10    Int:  6    God:
Gold:   56         SH:  0    Dex: 14    Spells: 2/2 levels left

rFire   . . .      SeeInvis .   a - +0 mace
rCold   . . .      Faith    .   (no shield)
rNeg    . . .      Spirit   .   b - +0 robe
rPois   .          Reflect  .   (helmet restricted)
rElec   .          Harm     .   (no cloak)
rCorr   .          Rampage  .   (gloves unavailable)
Will    .....                   (boots unavailable)
Stlth   ++........              (no amulet)
HPRegen 0.92/turn               (no ring)
MPRegen 0.08/turn               (no ring)

@: no status effects
A: large, unfitting armour, claws 3, regeneration 1, shaggy fur 1, tough skin 1
a: no special abilities


You were on level 1 of the Dungeon.
You visited 1 branch of the dungeon, and saw 2 of its levels.

You collected 56 gold pieces.

Inventory:

Hand Weapons
 a - a +0 mace (weapon)
Missiles
 c - 53 stones (quivered)
Armour
 b - a +0 robe (worn)
Scrolls
 d - 2 scrolls of identify {unknown}
 f - a scroll of summoning {unknown}
Potions
 e - a potion of heal wounds {unknown}


   Skills:
 + Level 2.8 Fighting
 + Level 3.4 Maces & Flails
 + Level 3.0 Dodging
 + Level 1.2 Stealth


You had 2 spell levels left.
You didn't know any spells.
Your spell library contained the following spells:

 Spells                   Type           Power      Damage    Failure   Level
 Animate Skeleton         Necr           0%         N/A       45%         1
 Apportation              Tloc           0%         N/A       45%         1
 Summon Small Mammal      Summ           0%         N/A       45%         1


Dungeon Overview and Level Annotations

Branches:
Dungeon (2/15)

Altars:


Innate Abilities, Weirdness & Mutations

You are too large for most types of armour.
You have claws for hands.
Your natural rate of healing is unusually fast.
You are covered in fur. (AC +1)
You have tough skin. (AC +1)


Message History

The gnoll is heavily wounded.
The gnoll hits you with a +0 whip!
You sock the gnoll!
You kill the gnoll!
Your Dodging skill increases to level 3!
There is a stone staircase leading down, spattered with blood here.
Things that are here:
a +0 whip; a gnoll corpse
There is a stone staircase leading down, spattered with blood here.
Things that are here:
a +0 whip; a gnoll corpse
Things that are here:
a +0 whip; a gnoll corpse
There is a stone staircase leading down, spattered with blood here.
Things that are here:
a +0 whip; a gnoll corpse You start resting.
HP restored.
You climb downwards.
The bat closely misses you. The bat barely misses you.
The gnoll hits you with a +0 flail!
There is a stone staircase leading up here.
The bat hits you. The gnoll hits you with a +0 flail!
You climb upwards.
There is a stone staircase leading down, spattered with blood here.
Things that are here:
a +0 whip; a gnoll corpse You hit the gnoll but do no damage.
The bat barely misses you. The gnoll hits you with a +0 flail. x2
* * * LOW HITPOINT WARNING * * *
You closely miss the gnoll. The bat barely misses you. x2
The gnoll hits you with a +0 flail!
* * * LOW HITPOINT WARNING * * *
The bat barely misses you.
Things that are here:
a +0 whip; a gnoll corpse The bat hits you but does no damage. x2; The bat barely misses you.
The bat hits you but does no damage. The gnoll barely misses you.
The bat hits you but does no damage. The gnoll hits you with a +0 flail!
You die...

######### #.......#
#.......# #....รท..#
#.......###########
#.......'..........
#.....).###########
#.bg..>............
#.@.....###########
#.......# #.....
########.......# #.####
#..............# #.# #
###.########..#######.####
#.# ######..##..........
#.# #...................
#.###.......##..........
#...'.......##..........


You could see a gnoll and a bat.

Vanquished Creatures
  2 gnolls (D:1)
  A dart slug (D:1)
  5 ball pythons (D:1)
  4 endoplasms (D:1)
  A giant cockroach (D:1)
  4 goblins (D:1)
  5 hobgoblins (D:1)
  4 jackals (D:1)
  A quokka (D:1)
  3 bats (D:1)
  4 frilled lizards
  2 kobolds (D:1)
  2 rats (D:1)
38 creatures vanquished.

Notes
Turn   | Place    | Note
-------+----------+-------------------------------------------
     0 | D:1      | issech the Troll Monk began the quest for the Orb.
     0 | D:1      | Reached XP level 1. HP: 22/22 MP: 0/0
   326 | D:1      | Reached XP level 2. HP: 25/29 MP: 1/1
   509 | D:1      | Found a faded altar of an unknown god.
   697 | D:1      | Reached XP level 3. HP: 35/36 MP: 2/2
  1159 | D:1      | Slain by a gnoll

Illustrated notes

Levels and vault maps discovered:
D:1:      saegor_arrival_simple_b, layout_basic,
          hellmonk_ecumenical_altar_dog_temple
D:2:      layout_basic, minmay_misc_feat_columns

Skill      XL: |  1  2  3 |
---------------+----------+-----
Maces & Flails | 3 |  3.4
Dodging        | 3 |  3.0
Fighting       | |  2.8
Stealth        | |  1.2

Action                   || total
-------------------------++-------
Melee: Mace              ||   111
 Stab: Sleeping          ||     2
Armor: Robe              ||    71
Dodge: Dodged            ||   111
